 Dungeon Crawl Stone Soup version 0.17.1-1-g73c8601 (webtiles) character file.

5592 FrozenPanda the Prestidigitator (level 10, -3/92 HPs)
             Began as a Deep Dwarf Fighter on Dec 31, 2015.
             Was a Priest of Makhleb.
             Killed from afar by Fannar (28 damage)
             ... with a bolt of cold
             ... on level 10 of the Dungeon.
             The game lasted 00:25:49 (6754 turns).

FrozenPanda the Prestidigitator (DDFi)              Turns: 6754, Time: 00:25:49

Health: -3/92      AC: 20    Str: 21    XL:     10   Next: 45%
Magic:  14/14      EV:  9    Int: 11    God:    Makhleb [***...]
Gold:   865        SH: 11    Dex: 12    Spells: 0 memorised, 9 levels left

rFire  . . .     SeeInvis .     a - +1 war axe
rCold  . . .     Rnd*Rage +     E - +0 plate armour
rNeg   . . .     SustAt   .     c - +0 shield
rPois  .         Gourm    .     i - +1 helmet
rElec  .         Spirit   .     y - +0 cloak
rCorr  .         Warding  .     A - +0 pair of gloves
rMut   .         Rnd*Tele +     r - +0 pair of boots
MR     +....                    s - amulet of rage
Stlth  ..........               q - +3 ring of evasion
                                l - ring of teleportation

@: exhausted, non-regenerating, slowed, very slow, somewhat resistant to hostile
enchantments, extremely unstealthy
A: damage resistance, recharge devices, berserk 1, sense surroundings 2, slow
regeneration 3, wild magic 1
a: Device Recharging, Minor Destruction, Lesser Servant of Makhleb, Renounce
Religion, Evoke Berserk Rage, Evoke Teleportation


You were on level 10 of the Dungeon.
You worshipped Makhleb.
Makhleb was most pleased with you.
You were hungry.

You visited 2 branches of the dungeon, and saw 10 of its levels.
You also visited: Bailey.

You collected 865 gold pieces.

Inventory:

Hand Weapons
 a - a +1 war axe (weapon)
Missiles
 p - 6 tomahawks (quivered)
 G - 8 throwing nets
 N - 7 exploding tomahawks
Armour
 c - a +0 shield (worn)
 i - a +1 helmet (worn)
 r - a +0 pair of boots (worn)
 y - a +0 cloak (worn)
 A - a +0 pair of gloves (worn)
 E - a +0 plate armour (worn)
Magical Staves
 w - an uncursed staff of wizardry
Jewellery
 l - a ring of teleportation (left hand)
 q - a +3 ring of evasion (right hand)
 s - an amulet of rage (around neck)
 u - an uncursed ring of sustain attributes
 C - an uncursed amulet of warding
 J - an uncursed ring of ice
Wands
 e - a wand of heal wounds (6)
 j - a wand of paralysis (11)
 O - a wand of fire (7)
Scrolls
 b - a scroll of enchant weapon
 h - a scroll of fear
 n - 2 scrolls of identify
 x - 2 scrolls of remove curse
Potions
 d - 5 potions of might
 m - a potion of haste
 o - a potion of invisibility
 t - a potion of cure mutation
 v - a potion of lignification
 z - 3 potions of curing
 D - 2 potions of brilliance
 I - a potion of resistance
 K - 2 potions of flight
 Q - a potion of agility
Books
 B - a book of Ice

   Spells                             Type                      Level
   a - Ice Form                       Ice/Transmutation            4
   b - Metabolic Englaciation         Hexes/Ice                    5
   c - Ozocubu's Refrigeration        Ice                          6
   d - Bolt of Cold                   Conjuration/Ice              6
   e - Freezing Cloud                 Conjuration/Ice/Air          6
   f - Simulacrum                     Ice/Necromancy               6
Miscellaneous
 H - a lamp of fire
 P - a crystal ball of energy
Comestibles
 f - 11 bread rations
 g - 8 fruits
 k - 9 slices of pizza
 F - 6 chunks of flesh
 L - a meat ration


   Skills:
 + Level 6.8 Fighting
 + Level 7.9 Axes
 + Level 8.4 Armour
 - Level 1.6 Dodging
 + Level 8.5 Shields
 + Level 9.0 Evocations


You had 9 spell levels left.
You didn't know any spells.

Dungeon Overview and Level Annotations

Branches:
Dungeon (10/15)            Temple (1/1) D:6            Lair (0/8) D:9
    Orc: D:9-12

Altars:
Ashenzari
Cheibriados
Dithmenos
Fedhas
Gozag
Kikubaaqudgha
Makhleb
Nemelex Xobeh
Okawaru
Qazlal
Ru
Sif Muna
Trog
Vehumet
Xom
Yredelemnul
Zin
The Shining One

Shops:
D:4 %   D:6 *   D:7 [

Annotations:
D:10 Fannar


Innate Abilities, Weirdness & Mutations

You are resistant to damage.
You can recharge devices by infusing magical energy.
You passively map the area around you.
You do not regenerate naturally.
You tend to lose your temper in combat.
Your spells are a little harder to cast, but a little more powerful.


Message History

There isn't anything to butcher here.
Unknown command.
There isn't anything to butcher here.
Unknown command.
Eat one of 7 chunks of flesh? (ye/n/q/i?) This raw flesh tastes terrible.
You continue eating. x2
Found a stone staircase leading up.
Fannar shouts!
Fannar is too close now for your liking.
You are feeling hungry.
Fannar gestures wildly while chanting.
Fannar drains the heat from the surrounding environment!
You feel very cold.
Fannar is frozen.
Fannar resists.
Fannar points at you and mumbles some strange words.
The bolt of cold hits you!
* * * LOW HITPOINT WARNING * * *
Fannar points at you and mumbles some strange words.
The bolt of cold hits you!
You die...

#.### #...#
###.# #.# *, #.#
* #)# , ##.##
#####...####
#@...e.....# *
#.###...##.# ,
#.# ##.###.# #.#
#.# #.##.# #.#
#.# #.... #.#
#.# #e..# #.#
,..###...### #.#
###.......###
#(####..........


You could see Fannar.

Vanquished Creatures
  A hill giant (D:10)
  Joseph (D:10)
  A fire drake (D:9)
  A troll (D:9)
  5 yaks (D:9)
  Eustachio (D:4)
  A human (D:9)
  2 ice beasts
  2 sky beasts
  An orc warrior (D:10)
  3 phantoms
  An ogre (D:9)
  A centaur (D:7)
  8 gnoll sergeants (Bailey)
  3 giant frogs (D:6)
  A water moccasin skeleton (D:9)
  7 hounds
  A centaur zombie (D:6)
  A crimson imp (D:5)
  6 gnoll shamans (Bailey)
  7 orc priests
  2 giant frog skeletons
  8 worker ants
  Jessica (D:3)
  3 jellies (D:6)
  10 orc wizards
  A killer bee zombie (D:5)
  2 hound skeletons
  24 gnolls
  A worker ant zombie (D:6)
  4 adders
  3 oozes
  An adder zombie (D:9)
  3 giant geckos
  30 orcs
  3 giant cockroaches
  17 hobgoblins
  7 jackals
  3 ball pythons
  4 bats
  5 giant newts
  22 goblins
  A jackal zombie (D:7)
  13 kobolds
  A quokka (D:4)
  A quokka zombie (D:10)
  A rat (D:1)
226 creatures vanquished.

Vanquished Creatures (others)
  A giant gecko (D:3)
1 creature vanquished.

Grand Total: 227 creatures vanquished

Notes
Turn   | Place    | Note
--------------------------------------------------------------
     0 | D:1      | FrozenPanda the Deep Dwarf Fighter began the quest for the Orb.
     0 | D:1      | Reached XP level 1. HP: 20/20 MP: 1/1
   260 | D:1      | Reached XP level 2. HP: 27/27 MP: 2/2
   434 | D:1      | Reached skill level 1 in Dodging
   628 | D:1      | Reached XP level 3. HP: 31/33 MP: 3/3
  1173 | D:2      | Found a glowing golden altar of the Shining One.
  1178 | D:2      | Found a basalt altar of Yredelemnul.
  1180 | D:2      | Noticed a profane servitor
  1192 | D:2      | Noticed an angel
  1262 | D:3      | Noticed Jessica
  1349 | D:3      | Reached skill level 4 in Shields
  1358 | D:2      | Reached XP level 4. HP: 34/42 MP: 4/4
  1365 | D:3      | Killed Jessica
  1365 | D:3      | Reached skill level 1 in Evocations
  1519 | D:3      | Reached XP level 5. HP: 49/49 MP: 4/6
  1676 | D:3      | Found a sacrificial altar of Ru.
  1696 | D:3      | Found a shadowy altar of Dithmenos.
  1707 | D:3      | Found a stormy altar of Qazlal.
  1714 | D:3      | Found a snail-covered altar of Cheibriados.
  1958 | D:4      | Found Pujutwum's Food Emporium.
  1998 | D:4      | Noticed Eustachio
  2013 | D:4      | Killed Eustachio
  2013 | D:4      | Reached XP level 6. HP: 54/56 MP: 6/8
  2059 | D:4      | Found a shimmering altar of Xom.
  2061 | D:4      | Noticed an angel
  2068 | D:4      | Found a glowing silver altar of Zin.
  2327 | D:4      | Noticed a sky beast
  2354 | D:4      | Killed a sky beast
  2354 | D:4      | Reached skill level 5 in Shields
  2354 | D:4      | Reached XP level 7. HP: 32/63 MP: 9/9
  2416 | D:4      | Reached skill level 5 in Armour
  2546 | D:5      | Entered Level 5 of the Dungeon
  2638 | D:5      | Gained mutation: You evolve. [mutagenic meat]
  2639 | D:5      | Gained mutation: You tend to lose your temper in combat. [mutagenic meat]
  3407 | D:5      | Reached XP level 8. HP: 50/73 MP: 11/11
  3555 | D:6      | Found Itaoney's General Store.
  3576 | D:6      | Reached skill level 5 in Axes
  3576 | D:6      | Reached skill level 5 in Evocations
  3582 | D:6      | Reached skill level 6 in Shields
  3945 | D:6      | Found a burning altar of Makhleb.
  3965 | D:6      | Became a worshipper of Makhleb the Destroyer
  4049 | D:6      | Found a staircase to the Ecumenical Temple.
  4058 | Temple   | Entered the Ecumenical Temple
  4377 | D:6      | Found an opulent altar of Gozag.
  4378 | D:6      | Found a sparkling altar of Nemelex Xobeh.
  4469 | D:6      | Reached skill level 5 in Fighting
  4522 | D:7      | Found Vifity's Antique Armour Shop.
  4549 | D:7      | Found a flagged portal.
  4585 | Bailey   | Entered a bailey
  4601 | Bailey   | Reached * piety under Makhleb
  4737 | Bailey   | Gained mutation: You passively map the area around you. [Deep Dwarf growth]
  4737 | Bailey   | Reached XP level 9. HP: 50/81 MP: 13/13
  4831 | Bailey   | Reached skill level 7 in Shields
  4905 | Bailey   | Gained mutation: Your spells are a little harder to cast, but a little more powerful. [evolution]
  4905 | Bailey   | Lost mutation: You evolve. [end of evolution]
  4969 | Bailey   | Reached ** piety under Makhleb
  5428 | D:7      | Found an ancient bone altar of Kikubaaqudgha.
  5435 | D:7      | You fall through a shaft for 2 floors!
  5773 | D:9      | Noticed a fire drake
  5775 | D:9      | Found a staircase to the Lair.
  5784 | D:9      | Killed a fire drake
  5843 | D:9      | Reached skill level 8 in Evocations
  6086 | D:9      | Reached XP level 10. HP: 58/91 MP: 16/16
  6536 | D:10     | Entered Level 10 of the Dungeon
  6538 | D:10     | Found a sparkling altar of Nemelex Xobeh.
  6560 | D:10     | Reached *** piety under Makhleb
  6564 | D:10     | Noticed a hill giant
  6567 | D:10     | Noticed Fannar
  6578 | D:10     | Killed a hill giant
  6581 | D:10     | HP: 1/92 [Fannar/bolt of cold (30)]
  6644 | D:10     | Noticed Joseph
  6664 | D:10     | Killed Joseph
  6664 | D:10     | Reached skill level 9 in Evocations
  6754 | D:10     | Killed from afar by Fannar

Action                   |  1- 3 |  4- 6 |  7- 9 | 10-12 || total
-------------------------+-------+-------+-------+-------++-------
Melee: War axe           |   132 |   105 |   536 |    77 ||   850
 Abil: Evoke Berserk Rag |       |     5 |    14 |     4 ||    23
       Evoke Teleportati |       |       |     1 |     1 ||     2
       Device Recharging |       |       |       |     2 ||     2
Evoke: Wand              |       |       |     7 |     4 ||    11
  Use: Scroll            |     6 |     4 |    10 |     2 ||    22
       Potion            |       |     3 |     5 |     1 ||     9
 Stab: Paralysed         |       |       |     5 |       ||     5
       Invisible         |       |       |     2 |       ||     2
  Eat: Chunk             |     2 |     6 |    29 |     6 ||    43
